Map: Kairos Junction LE

Players

SoulSpirit

  • Race: Zerg Zerg
  • Spawn Location: 11:00

Serral - Winner!

  • Race: Zerg Zerg
  • League: Master
  • Spawn Location: 5:00

Event: 2019 WCS Winter Europe

VOD

Have the link to the VOD?

Description

Time

  • Played on: Feb. 9, 2019, 9:10 a.m.
  • Length: 9:40

All games in this series

Show
View Real Time Build Order
Export as new Build Order

SoulSpirit Zerg 

Build Orders: Hatch First 

Get SALT Encoding   

  12  0:00  Drone  
  13  0:12  Overlord  
  13  0:17  Drone  
  14  0:30  Drone x2  
  16  0:49  Hatchery  
  15  0:52  Drone  
  15  0:55  Drone  
  17  0:59  Drone  
  18  1:09  Extractor  
  17  1:15  Spawning Pool  
  17  1:17  Drone  
  17  1:21  Drone  
  18  1:29  Drone  
  19  1:39  Drone  
  20  1:50  Overlord  
  20  2:03  Queen  
  20  2:04  Queen, Zergling x4  
  26  2:09  Metabolic Boost  
  26  2:11  Drone  
  26  2:13  Drone  
  28  2:22  Zergling x4  
  28  2:39  Drone x2  
  28  2:43  Drone  
  31  2:44  Drone  
  31  2:55  Drone  
  32  2:59  Hatchery  
  32  3:01  Overlord  
  31  3:08  Drone x2  
  33  3:14  Drone x3  
  36  3:20  Drone x2  
  36  3:21  Drone x2  
  36  3:25  Overlord  
  40  3:32  Drone  
  40  3:33  Drone  
  41  3:38  Evolution Chamber  
  40  3:43  Drone  
  40  3:44  Overlord  
  40  3:45  Drone x3  
  40  3:46  Drone  
  45  3:52  Drone x2  
  46  4:03  Drone x2  
  46  4:09  Lair  
  48  4:11  Extractor  
  48  4:12  Extractor  
  48  4:14  Roach Warren, Drone  
  48  4:15  Drone x3  
  48  4:18  Queen  
  48  4:20  Drone  
  48  4:22  Zerg Missile Weapons Level 1  
  51  4:25  Drone x3  
  54  4:35  Overlord  
  55  4:38  Zergling x6  
  55  4:39  Zergling x2  
  55  4:41  Drone  
  55  4:43  Overlord  
  59  4:51  Overlord  
  59  4:53  Roach x4  
  59  4:55  Roach  
  59  4:59  Roach x2  
  73  5:03  Roach x2  
  73  5:06  Roach  
  79  5:16  Glial Reconstitution  
  79  5:20  Roach x2  
  81  5:22  Drone x3  
  81  5:23  Overlord x2, Extractor, Drone  
  81  5:27  Overseer  
  84  5:30  Roach  
  84  5:33  Roach  
  87  5:36  Roach  
  89  5:43  Roach x2  
  89  5:48  Roach x2  
  97  5:52  Overlord, Roach  
  97  5:53  Roach  
  97  5:54  Overlord  
  101  5:59  Drone x3  
  101  6:00  Roach  
  101  6:02  Overlord x2  
  106  6:10  Overlord  
  108  6:11  Roach x3  
  108  6:14  Roach x2  
  116  6:22  Zerg Missile Weapons Level 2, Drone x2  
  116  6:25  Roach x2  
  122  6:26  Extractor  
  122  6:28  Roach  
  122  6:30  Overlord  
  125  6:32  Roach  
  125  6:35  Drone x2  
  125  6:36  Drone  
  125  6:38  Roach  
  125  6:39  Roach  
  132  6:43  Drone  
  132  6:44  Drone  
  134  6:51  Roach x3  
  140  6:59  Drone x2  
  144  7:01  Roach x3  
  146  7:11  Extractor  
  146  7:12  Drone  
  146  7:13  Evolution Chamber  
  146  7:14  Overlord x3  
  145  7:24  Spire  
  142  7:31  Overlord  
  142  7:35  Roach x4  
  150  7:41  Roach x2  
  150  7:42  Hatchery, Roach  
  150  7:43  Zerg Ground Armor Level 1  
  155  7:46  Roach x3  
  155  7:49  Overlord x2  
  161  7:57  Roach x4  
  168  8:08  Roach  
  168  8:09  Roach x5  
  168  8:10  Ravager x2  
  168  8:11  Ravager  
  169  8:21  Overlord  
  169  8:26  Overlord  
  169  8:36  Mutalisk  
  151  8:44  Mutalisk x4  
  151  8:45  Mutalisk  
  151  8:48  Roach x3  
  145  8:53  Roach x2  
  145  8:54  Roach x2  
  147  8:58  Roach  
  147  8:59  Roach x2  
  137  9:04  Mutalisk  
  137  9:07  Roach x2  
  137  9:15  Roach x5  
  143  9:18  Roach x2, Zergling x4  
Show
View Real Time Build Order
Export as new Build Order

Serral Zerg - Winner!

Build Orders: Pool First 

Get SALT Encoding   

  12  0:02  Drone  
  13  0:13  Overlord  
  13  0:17  Drone  
  14  0:31  Drone x2  
  16  0:40  Spawning Pool  
  15  0:44  Drone  
  15  0:48  Drone  
  17  1:08  Hatchery  
  17  1:11  Drone  
  17  1:25  Extractor  
  16  1:28  Zergling x6  
  16  1:31  Queen  
  21  1:39  Overlord  
  21  1:50  Drone  
  23  2:01  Drone  
  23  2:06  Queen  
  25  2:12  Drone  
  26  2:20  Queen, Drone  
  29  2:23  Drone  
  30  2:31  Drone  
  30  2:34  Drone  
  31  2:39  Drone x2  
  31  2:41  Drone x2  
  33  2:45  Drone  
  34  2:52  Overlord  
  34  2:59  Lair  
  34  3:01  Evolution Chamber  
  34  3:02  Drone  
  34  3:06  Drone  
  35  3:13  Roach Warren  
  35  3:14  Drone  
  35  3:18  Drone  
  35  3:19  Drone x2  
  38  3:24  Drone  
  38  3:25  Drone  
  40  3:29  Zerg Missile Weapons Level 1  
  40  3:31  Drone  
  41  3:36  Overlord  
  41  3:39  Drone  
  41  3:40  Drone  
  41  3:41  Extractor  
  42  3:43  Extractor, Drone  
  42  3:46  Drone  
  43  3:51  Drone  
  44  3:57  Drone x2  
  46  4:04  Roach x3  
  52  4:10  Hatchery  
  52  4:14  Overlord  
  52  4:17  Overlord  
  51  4:24  Drone  
  51  4:29  Overseer  
  52  4:34  Drone  
  52  4:35  Glial Reconstitution, Roach x3  
  59  4:42  Overlord  
  59  4:43  Drone x2  
  61  4:46  Drone  
  62  4:53  Drone x2  
  62  4:57  Overlord  
  64  5:01  Roach x2  
  64  5:02  Roach  
  64  5:04  Overlord  
  70  5:08  Drone  
  70  5:12  Evolution Chamber  
  70  5:16  Overlord  
  70  5:18  Drone x2  
  70  5:21  Overlord  
  70  5:22  Queen  
  70  5:23  Overlord  
  70  5:26  Overlord  
  72  5:32  Zerg Missile Weapons Level 2  
  72  5:36  Drone x2  
  72  5:41  Drone x2  
  72  5:42  Roach x3  
  80  5:48  Zerg Ground Armor Level 1  
  80  5:50  Roach x2  
  84  5:58  Overlord, Extractor  
  84  6:01  Roach x2, Drone  
  84  6:02  Roach  
  90  6:06  Overlord  
  90  6:11  Drone  
  90  6:12  Drone x3  
  90  6:18  Roach x4  
  102  6:21  Roach  
  104  6:28  Overlord  
  104  6:30  Roach  
  104  6:31  Roach x3  
  112  6:36  Drone x4  
  112  6:39  Drone x3  
  119  6:42  Ravager x2  
  119  6:43  Ravager  
  119  6:46  Ravager  
  123  6:48  Roach, Extractor  
  123  6:53  Roach  
  125  7:01  Drone x4  
  125  7:04  Roach x5  
  125  7:05  Queen  
  138  7:09  Roach  
  138  7:14  Ravager  
  140  7:17  Drone x2  
  140  7:19  Roach x2  
  140  7:22  Overlord x2  
  146  7:24  Roach x2  
  150  7:33  Extractor, Overseer  
  149  7:38  Drone  
  149  7:39  Drone  
  149  7:40  Roach x2  
  149  7:41  Hatchery  
  154  7:48  Roach x4  
  162  7:52  Ravager x2, Overlord  
  162  7:53  Overlord  
  162  7:55  Pneumatized Carapace  
  164  8:01  Roach x3  
  168  8:05  Overlord  
  168  8:08  Overlord  
  168  8:12  Burrow  
  168  8:14  Overlord  
  168  8:20  Roach  
  168  8:21  Roach x4  
  168  8:23  Overseer  
  178  8:29  Overlord x2  
  178  8:32  Roach x3  
  184  8:40  Roach x4  
  185  8:47  Roach x4  
  175  8:52  Roach  
  175  8:53  Roach  
  173  8:59  Roach x4  
  173  9:04  Roach x3  
  173  9:08  Hydralisk Den  
  176  9:14  Roach x4  
  162  9:33  Spore Crawler x2  
  162  9:34  Spore Crawler x2  
Tags
 
Add a new tag
Caveats
  • Supply blocks, unpowered buildings, or Contaminate may cause inaccurate times.
  • Supply counts are checked every 10 seconds.